[Event "ESP-ch Teams Primera 2022"]
[Site "Sanxenxo Pontevedra"]
[Date "2022.09.20"]
[Round "4.21"]
[White "Alonso Moyano, Jonathan"]
[Black "Ushenina, Anna"]
[Result "1/2-1/2"]
[ECO "D00"]
[WhiteElo "2348"]
[BlackElo "2439"]
[Annotator "ChessBase"]
[PlyCount "234"]
[EventDate "2022.09.17"]
[EventType "team-tourn"]
[EventCountry "ESP"]
[SourceTitle "playchess.com"]
[Source "ChessBase"]
[SourceQuality "1"]
[TimeControl "5400+30"]

1. d4 d5 2. Bf4 Nf6 3. e3 c5 4. Nf3 Nc6 5. Nbd2 Nh5 6. dxc5 Nxf4 7. exf4 g6 8. c3 Bh6 9. g3 Bg7 10. Nb3 a5 11. a4 O-O 12. Bg2 Bg4 13. h3 Bxf3 14. Qxf3 e6 15. O-O Rb8 16. Rfd1 b6 17. Rd2 Qe7 18. Qe3 bxc5 19. Nxc5 d4 20. cxd4 Nxd4 21. Rc1 Rb4 22. Nd3 Nb3 23. Nxb4 Qxb4 24. Rdc2 Nxc1 25. Qxc1 Qxa4 26. Rc8 Bf6 27. Rxf8+ Kxf8 28. Bf1 Qb4 29. b3 Qxb3 30. Qc5+ Kg7 31. Qxa5 Bd4 32. Kg2 Qb7+ 33. Kh2 Qf3 34. Bg2 Qxf2 35. h4 h5 36. Qa3 Qe1 37. Kh3 Qb1 38. Qf3 Qb5 39. Kh2 Qc5 40. Qe4 Bf2 41. Qe2 Bg1+ 42. Kh1 Be3 43. Qb2+ Bd4 44. Qe2 Qc3 45. Kh2 Kh6 46. Qf3 Qd2 47. Qe4 Qd1 48. Qf3 Qg1+ 49. Kh3 Qe1 50. Qe4 Qd2 51. Kh2 Kg7 52. Qf3 Qa5 53. Qa8 Qc5 54. Qc6 Qa3 55. Qe4 Bf6 56. Qa8 Qd3 57. Qe4 Qd2 58. Qf3 Bd4 59. Qe4 Bc3 60. Qf3 Kf6 61. Qe4 e5 62. fxe5+ Bxe5 63. Qd5 Qb4 64. Qe4 Qd6 65. Qf3+ Kg7 66. Kh3 f5 67. Bf1 Qd4 68. Kg2 Bd6 69. Qd3 Qe5 70. Qf3 Qc5 71. Qb7+ Kh6 72. Qf3 Be5 73. Be2 Qc1 74. Qf1 Qd2 75. Qd1 Qe3 76. Qd3 Qc5 77. Qd2+ Kh7 78. Qd7+ Bg7 79. Qd3 Qe5 80. Bf3 Bf8 81. Qd7+ Bg7 82. Qd2 Qc7 83. Qd3 Qe5 84. Qd2 Bf6 85. Qd7+ Be7 86. Qd5 Qb2+ 87. Kh3 Qf6 88. Qc6 Bd6 89. Qc4 Qe5 90. Qf4 Qxf4 91. gxf4 Bxf4 92. Bc6 Bd2 93. Be8 Kg7 94. Bd7 Kf6 95. Bc6 Be1 96. Be8 f4 97. Bc6 Ke5 98. Be8 Kf5 99. Bd7+ Ke4 100. Be8 Kf5 101. Bd7+ Kf6 102. Bc6 Bb4 103. Be4 Kg7 104. Bf3 Kf6 105. Be4 Be7 106. Kg2 Kg7 107. Kf3 Bxh4 108. Bxg6 Kxg6 109. Kxf4 Kf6 110. Kf3 Kf5 111. Kg2 Kg4 112. Kh2 Bf6 113. Kg2 h4 114. Kh2 h3 115. Kh1 Kg3 116. Kg1 Bd4+ 117. Kh1 h2 1/2-1/2

[Event "ESP-ch Teams Primera 2022"]
[Site "Sanxenxo Pontevedra"]
[Date "2022.09.20"]
[Round "4.22"]
[White "Ladron De Guevara Pinto, Paolo"]
[Black "Martinez Ramirez, Erik"]
[Result "1-0"]
[ECO "A50"]
[WhiteElo "2429"]
[BlackElo "2181"]
[Annotator "ChessBase"]
[PlyCount "57"]
[EventDate "2022.09.17"]
[EventType "team-tourn"]
[EventCountry "ESP"]
[SourceTitle "playchess.com"]
[Source "ChessBase"]
[SourceQuality "1"]
[TimeControl "5400+30"]

1. d4 Nf6 2. c4 g6 3. h4 Bg7 4. Nc3 d5 5. h5 gxh5 6. cxd5 Nxd5 7. Rxh5 Nf6 8. Rh4 Nc6 9. Nf3 e6 10. e4 b6 11. Bb5 Bd7 12. e5 Nd5 13. Nxd5 exd5 14. Bxc6 Bxc6 15. Qc2 Qd7 16. Rxh7 Rxh7 17. Qxh7 Qg4 18. Bg5 Qxg2 19. Ke2 Qg4 20. Rg1 Qe4+ 21. Qxe4 dxe4 22. Nd2 Bd5 23. Ke3 c5 24. Nxe4 cxd4+ 25. Kxd4 Bxa2 26. f4 Bf8 27. Nf6+ Kd8 28. Ra1 Be6 29. Nd5+ 1-0

[Event "ESP-ch Teams Primera 2022"]
[Site "Sanxenxo Pontevedra"]
[Date "2022.09.20"]
[Round "4.23"]
[White "Bosque Ortega, Xavier"]
[Black "Alshameary Puente, Ismael"]
[Result "0-1"]
[ECO "A45"]
[WhiteElo "2164"]
[BlackElo "2332"]
[Annotator "ChessBase"]
[PlyCount "72"]
[EventDate "2022.09.17"]
[EventType "team-tourn"]
[EventCountry "ESP"]
[SourceTitle "playchess.com"]
[Source "ChessBase"]
[SourceQuality "1"]
[TimeControl "5400+30"]

1. d4 Nf6 2. Bf4 g6 3. e3 Bg7 4. h3 O-O 5. Nf3 d6 6. Be2 c5 7. c3 cxd4 8. exd4 Qb6 9. Qb3 Be6 10. Qxb6 axb6 11. a3 Nd5 12. Bh2 Bd7 13. O-O b5 14. Nbd2 Bc6 15. Rfe1 Nd7 16. Nf1 Bh6 17. Bd3 Rae8 18. Rad1 f5 19. a4 bxa4 20. c4 Nb4 21. d5 Nxd3 22. Rxe7 N7e5 23. Nxe5 Nxe5 24. Rc7 Rc8 25. Rxc8 Rxc8 26. dxc6 Rxc6 27. c5 Rxc5 28. Rxd6 f4 29. Rb6 Rc1 30. Rxb7 Nd3 31. Rb8+ Kf7 32. Rb7+ Kf6 33. Rxh7 Bg7 34. Bxf4 Nxf4 35. g3 Nh5 36. Kg2 Ke5 0-1

[Event "ESP-ch Teams Primera 2022"]
[Site "Sanxenxo Pontevedra"]
[Date "2022.09.20"]
[Round "4.24"]
[White "Calzetta Ruiz, Monica"]
[Black "Castillo Escario, Yolanda"]
[Result "1-0"]
[ECO "C60"]
[WhiteElo "2227"]
[BlackElo "2035"]
[Annotator "TA"]
[PlyCount "95"]
[EventDate "2022.09.17"]
[EventType "team-tourn"]
[EventCountry "ESP"]
[SourceTitle "playchess.com"]
[Source "ChessBase"]
[SourceQuality "1"]
[TimeControl "5400+30"]

1. e4 e5 2. Nf3 Nc6 3. Bb5 Nge7 4. Nc3 g6 5. d4 exd4 6. Nd5 Bg7 $1 7. Bg5 {[%emt 0:00:20] Black must now prevent Bxc6. C60: Ruy Lopez: Unusual Black 3rd moves and 3...g6.} h6 8. Bf6 Bxf6 9. Nxf6+ {[%emt 0:00:06] White is slightly better.} Kf8 10. Qd2 d5 11. Bxc6 (11. Nxd4 dxe4 12. O-O-O Qxd4 13. Qxd4 Nxd4 14. Rxd4 Be6 $11) 11... Nxc6 12. Nxd5 {[%emt 0:00:14] Pair of Knights!} Bf5 $1 13. Nxc7 {[%emt 0:00:10] is the legacy move (13.Qf4).} ({But not} 13. exf5 $6 Qxd5 14. O-O Qxf5 $11) ({Much weaker is} 13. Nxd4 Bxe4 14. Nxc6 Qxd5 $15) 13... Qxc7 14. exf5 Re8+ 15. Kf1 gxf5 16. g3 Re4 17. Kg2 Kg7 18. Rhe1 Rhe8 {[%emt 0:00:14] [#]} 19. Rad1 $146 ({Predecessor:} 19. b4 Qd6 20. b5 Ne5 21. Rxe4 fxe4 22. Nxd4 Qf6 23. Qf4 Qxf4 24. gxf4 Nf3 25. Nxf3 exf3+ 26. Kxf3 {½-½ (60) Calzetta Ruiz,M (2223)-Sarkar,J (2351) Stockholm 2018}) 19... Rxe1 20. Rxe1 Rxe1 21. Qxe1 $11 {[%emt 0:01:37][%mdl 4096] Endgame KQN-KQN} Qd6 22. Nh4 Qd5+ 23. f3 Qe6 24. Qd2 (24. Kf2 {feels hotter.} f4 25. Qd2 Qh3 26. Qxf4 Qxh2+ 27. Ng2) 24... Qe5 25. a3 Ne7 26. Kf1 Ng6 {[%emt 0:06:04] [#] White now steadily converts the win.} (26... f4 $11 {and Black has nothing to worry.}) 27. Qxd4 $3 $18 {[%emt 0:01:27][%cal Of3f4][%mdl 512] And now f4! would win.} Kf6 {[%emt 0:05:44] [#]} (27... f4 28. Nf5+) 28. Qxe5+ ({Much less strong is} 28. Qxa7 $6 Qb5+ 29. Kf2 Qxb2 $14) 28... Nxe5 {[%emt 0:00:37] [#] KN-KN} 29. b3 {[%emt 0:01:09] Against Nc4} Nc6 30. Ke2 Ke5 31. Ke3 {[%emt 0:08:50] Against f4+} Ne7 (31... f4+ $142 32. gxf4+ Ke6) 32. f4+ Kd5 33. c4+ Kd6 34. Nf3 f6 35. Nd4 Kc5 36. Kd3 a5 37. Ne6+ Kd6 38. Nd4 (38. Ng7 $142) 38... Kc5 39. h4 {[%emt 0:00:37][%cal Bh2h4,Bh4h5][%mdl 32] White is clearly winning.} b6 40. h5 Kd6 41. b4 axb4 42. axb4 Kd7 43. Nb5 {[%emt 0:01:57] Nd4 is the strong threat.} Nc6 44. Kc3 Ne7 45. Nd4 Kd6 46. Kb3 Kc7 47. Ka4 Kb7 48. Kb5 {[%emt 0:00:22] Weighted Error Value: White=0.20 (precise) /Black=0.22 (precise)} 1-0

[Event "ESP-ch Teams Primera 2022"]
[Site "Sanxenxo Pontevedra"]
[Date "2022.09.21"]
[Round "5.1"]
[White "Cordova, Emilio"]
[Black "Bacrot, Etienne"]
[Result "1/2-1/2"]
[ECO "A07"]
[WhiteElo "2550"]
[BlackElo "2647"]
[Annotator "TA"]
[PlyCount "122"]
[EventDate "2022.09.17"]
[EventType "team-tourn"]
[EventCountry "ESP"]
[SourceTitle "playchess.com"]
[Source "ChessBase"]
[SourceQuality "1"]
[TimeControl "5400+30"]

1. Nf3 d5 2. g3 Nf6 3. Bg2 c6 4. O-O Bg4 5. h3 Bh5 6. c4 {[%emt 0:00:56] A07: Réti Opening: New York and Capablanca Systems.} e6 7. d4 Nbd7 8. cxd5 {[%emt 0:00:48] The position is equal.} exd5 9. Nc3 {[%emt 0:00:56] 9.Ne5 is setting a new trend.} Bd6 10. Nd2 {[%emt 0:04:03] [#]} Bg6 $146 ({Predecessor:} 10... O-O 11. g4 Bg6 12. f4 h6 13. f5 Bh7 14. e4 dxe4 15. Ndxe4 Nxe4 16. Nxe4 Nf6 17. Nxd6 Qxd6 {½-½ (32) Cirulis,I (2246)-Khlopov,S (2327) LSS email 2020}) 11. e4 dxe4 (11... Nxe4 {looks sharper.} 12. Ndxe4 dxe4 13. Nxe4 Bxe4 14. Bxe4 Nf6) 12. Ndxe4 Nxe4 13. Nxe4 Bxe4 14. Bxe4 O-O 15. Bc2 ({Reject} 15. Qh5 Nf6 16. Qf5 Nxe4 17. Qxe4 Re8 $15) 15... Nb6 16. Qd3 {[%emt 0:07:30][%csl Gc2][%cal Rd3h7] [#]} g6 17. Bb3 Be5 18. Rd1 Bg7 19. h4 Qd7 20. Qf3 a5 21. a4 Nd5 22. Bg5 Rfe8 23. Rac1 Re6 24. Rc5 h6 25. Bxd5 cxd5 26. Rxd5 Qxa4 27. b3 Qe8 28. Be3 b5 29. Ra1 Rea6 30. Qe2 Rb6 31. Qd2 Qe4 32. Rd7 a4 33. Qc3 (33. Rc7 $17) 33... Rbb8 (33... a3 $19 {And now ...Rc6 would win.} 34. Qc7 Rba6) 34. bxa4 $17 bxa4 35. Qc4 Qf5 36. Rd5 Qf3 37. Rb5 (37. Qc6 $17 Kh7 38. Rc5 Qxc6 39. Rxc6) 37... Rxb5 $19 38. Qxb5 a3 39. Ra2 Bxd4 40. Bxd4 Qd1+ 41. Kh2 Qxd4 {[%emt 0:00:06][%mdl 4096] Endgame KQR-KQR} 42. h5 $2 (42. Qb7 Ra7 43. Qb3) 42... Qa4 43. Qe2 g5 44. Qf3 Qa5 45. Kg1 Ra6 46. Kh2 Qc5 47. Qd3 Ra7 (47... Ra8 $19 {Hoping for ...g4.} 48. Kg2 Kg7) 48. Qf3 $2 (48. Rc2 $17 Qf8 49. Ra2) 48... Kg7 49. Qd3 g4 (49... Ra4 $19 {Threatens to win with ...g4.} 50. f3 Qb4) 50. Kg2 $2 (50. Qe4 $1 $15) 50... Ra4 51. Qd1 (51. Rc2 $142 Qd4 52. Qb3 Qe4+ 53. Kg1 Qe1+ 54. Kg2 Qe4+ 55. Kg1 Qe1+ 56. Kg2) 51... Rd4 {[%emt 0:00:48] ( -> ...Qd5+)} 52. Qa1 {[%emt 0:00:13] [#]} Qd5+ $2 (52... Kh7 $1 $19 {...Qd5+ is the strong threat.} 53. Qb1+ Kg8) 53. Kh2 $1 $15 {[%emt 0:00:04] Black must now prevent Rd2.} ({Avoid the trap} 53. Kg1 $2 Kg8 54. Kh2 Qxh5+ 55. Kg1 Qd5 $19) 53... Kh7 54. Qb1+ Kg8 55. Rxa3 Rd2 $36 {[%emt 0:00:43][%mdl 2048] Black has some pressure.} ({Much worse is} 55... Rd1 56. Ra8+ Kg7 57. Qb2+ Qd4 58. Qxd4+ Rxd4 59. Kg2 $11) 56. Qe1 Rd1 ({Black should try} 56... Qxh5+ $15 57. Kg1 Qd5) 57. Ra5 $11 {[%emt 0:00:32] Strongly threatening Qe8+.} Qf3 58. Ra8+ $1 Kh7 59. Rh8+ $1 Kxh8 (59... Kg7 $5 60. Qe5+ $8 f6 61. Qe7+ Kxh8 62. Qf8+ Kh7 63. Qf7+ Kh8 64. Qf8+ Kh7 65. Qf7+ Kh8 66. Qf8+ $11) 60. Qe8+ Kg7 61. Qh8+ Kxh8 {[%emt 0:00:05] Weighted Error Value: White=0.45/Black=0.26 (precise)} 1/2-1/2

[Event "ESP-ch Teams Primera 2022"]
[Site "Sanxenxo Pontevedra"]
[Date "2022.09.21"]
[Round "5.2"]
[White "Naiditsch, Arkadij"]
[Black "Krysa, Leandro"]
[Result "1-0"]
[ECO "C77"]
[WhiteElo "2666"]
[BlackElo "2535"]
[Annotator "TA"]
[PlyCount "53"]
[EventDate "2022.09.17"]
[EventType "team-tourn"]
[EventCountry "ESP"]
[SourceTitle "playchess.com"]
[Source "ChessBase"]
[SourceQuality "1"]
[TimeControl "5400+30"]

1. e4 e5 2. Nf3 Nc6 3. Bb5 a6 4. Ba4 Nf6 5. Qe2 b5 6. Bb3 Be7 7. c3 O-O 8. d4 d6 9. O-O Bg4 10. Rd1 exd4 11. cxd4 d5 12. exd5 (12. e5 $5 Ne4 13. h3 $11) 12... Nb4 {C86: Closed Ruy Lopez: Worrall Attack.} ({Black should try} 12... Na5 $1 $15) 13. h3 $14 Bh5 (13... Bxf3 $14 14. Qxf3 Nbxd5) 14. Nc3 (14. g4 $1 $18 Bg6 15. Ne5) 14... Re8 (14... Bxf3 $16 15. Qxf3 a5) 15. g4 $1 $18 Bg6 16. Ne5 {[#] Threatens to win with f4.} a5 $146 ({Predecessor:} 16... Nbxd5 17. Nxd5 Nxd5 18. Qf3 Nf6 19. Nxg6 hxg6 20. g5 Nh5 21. Bxf7+ Kh7 22. Bxe8 Qxe8 {½-½ (43) Grefe,J-Biyiasas,P Santa Monica 1974}) 17. Qxb5 Bc2 18. d6 cxd6 {[#]} 19. Bxf7+ {The board is on fire.} ({Much less strong is} 19. Nxf7 $6 Qb8 $16) (19. Bxc2 $1 $18 Nxc2 {[#]} 20. Nxf7 $1 Kxf7 21. Qb3+ d5 22. Qxc2) 19... Kf8 (19... Kh8 $16 {keeps fighting.}) 20. Bxe8 Bxd1 (20... Qxe8 $142 21. Qxe8+ Rxe8) 21. Nd7+ ({Less strong is} 21. Nxd1 dxe5 22. a3 Qxe8 23. Qxe8+ Rxe8 24. axb4 Bxb4 $16) 21... Nxd7 $2 (21... Kg8 {was called for.}) 22. Bxd7 Bc2 {Inhibits Qf5+.} 23. Be6 Bd3 (23... Bg6 {is a better defense.} 24. Bf4 Qe8) 24. Qb7 {White is clearly winning.} d5 {[#]} 25. Bg5 $1 {[%mdl 512] aiming for Bxe7+.} Ra6 (25... Ba6 26. Bxe7+) 26. Bxe7+ Qxe7 27. Qb8+ {Weighted Error Value: White=0.27 (precise) /Black=0.67} 1-0

[Event "ESP-ch Teams Primera 2022"]
[Site "Sanxenxo Pontevedra"]
[Date "2022.09.21"]
[Round "5.3"]
[White "Ushenina, Anna"]
[Black "Ponomariov, Ruslan"]
[Result "1/2-1/2"]
[ECO "E32"]
[WhiteElo "2439"]
[BlackElo "2640"]
[Annotator "TA"]
[PlyCount "40"]
[EventDate "2022.09.17"]
[EventType "team-tourn"]
[EventCountry "ESP"]
[SourceTitle "playchess.com"]
[Source "ChessBase"]
[SourceQuality "1"]
[TimeControl "5400+30"]

1. d4 Nf6 2. c4 e6 3. Nc3 Bb4 4. Qc2 O-O 5. e4 d6 6. e5 dxe5 {[%emt 0:04:18] 6...Nfd7 is more advanced technology. E32: Nimzo-Indian: Classical (4 Qc2): 4...0-0.} 7. dxe5 Ng4 8. Nf3 {[%emt 0:00:53] Black must now prevent h3.} Nc6 $1 9. Bf4 {[%emt 0:00:45] aiming for h3.} f6 10. Bd3 Bxc3+ ({Not} 10... Ncxe5 11. Nxe5 (11. Bxh7+ Kh8 $16) 11... fxe5 12. Bxh7+ Kh8 13. Bg3 $16) (10... Nd4 $14 11. Bxh7+ Kh8) 11. bxc3 $16 h6 {[%emt 0:09:26][%cal Rc6e5] [#]} 12. Rd1 $146 ({Predecessor:} 12. O-O-O Qe7 13. exf6 Nxf6 14. Rhe1 Nh5 15. Be5 a5 16. Re4 a4 17. Rh4 Nf6 18. g4 {0-1 (27) Maisuradze,N (2213)-Mancini,M (2261) France 2006}) 12... Qe7 13. O-O Ngxe5 14. Nxe5 Nxe5 15. Bxe5 fxe5 16. Qe2 Qf6 17. Qe4 {[%emt 0:05:22][%mdl 1024] Hoping for Qh7+. White has compensation. White is more active.} Qf5 {[%emt 0:00:09] Prevents Qh7+.} 18. Qe2 (18. Qe1 $5 Qg5 19. Qe4 $14) 18... Qf6 19. Qe4 {[%emt 0:00:02] Qh7+ is the strong threat.} Qf5 {[%emt 0:00:14] Inhibits Qh7+.} 20. Qe2 Qf6 $1 {[%emt 0:00:24] Weighted Error Value: White=0.16 (very precise) /Black=0.10 (very precise)} 1/2-1/2

[Event "ESP-ch Teams Primera 2022"]
[Site "Sanxenxo Pontevedra"]
[Date "2022.09.21"]
[Round "5.4"]
[White "Franco Alonso, Alejandro"]
[Black "Ladron De Guevara Pinto, Paolo"]
[Result "0-1"]
[ECO "A05"]
[WhiteElo "2432"]
[BlackElo "2429"]
[Annotator "TA"]
[PlyCount "76"]
[EventDate "2022.09.17"]
[EventType "team-tourn"]
[EventCountry "ESP"]
[SourceTitle "playchess.com"]
[Source "ChessBase"]
[SourceQuality "1"]
[TimeControl "5400+30"]

1. Nf3 Nf6 2. g3 g6 3. b3 Bg7 4. Bb2 d5 5. c4 c6 6. Bg2 O-O 7. O-O a5 8. Na3 Na6 {A11: English Opening: 1...c6.} 9. d3 Re8 {[#]} 10. Qb1 $146 ({Predecessor:} 10. Qd2 Nc7 11. Rac1 Be6 12. cxd5 cxd5 13. Be5 Na6 14. Nb5 Qb6 15. Nc3 Nb4 16. Na4 {1-0 (27) Praggnanandhaa,R (2586)-Eche,S (2054) London 2019}) 10... Bg4 {The position is equal.} 11. Re1 Bxf3 12. Bxf3 e5 13. Bg2 Qd7 14. cxd5 cxd5 15. Rc1 b5 16. d4 e4 17. e3 b4 18. Nc2 Bf8 19. a3 Nc7 20. axb4 axb4 21. Ne1 Rxa1 22. Bxa1 Bd6 23. Qc2 Qf5 24. Qe2 h5 25. h3 Ne6 26. Rc6 Bb8 27. Qb5 Kg7 $1 28. Bb2 (28. Qxb4 h4 29. gxh4 Qh5 $15) 28... Rh8 {[%cal Be8h8,Bh8c8,Bc8c2][%mdl 32] White must now prevent ...Ng5.} 29. Rb6 Ng5 ({Black should try} 29... Bc7 $17 30. Rc6 Ra8) 30. h4 (30. Qxb4 $2 Nxh3+ 31. Bxh3 Qxh3 $19) (30. Rxb8 $11 {was the only way to keep the balance.} Nxh3+ 31. Bxh3 Qxh3 32. Rxh8 (32. Qxb4 $2 Ng4 $19)) 30... Ng4 $17 31. Qe2 Ne6 32. Bh3 g5 $1 {And now ...gxh4 would win.} 33. Ng2 Rc8 $1 {[%cal Of5f2] aiming for ...Qxf2+!} 34. Ra6 $2 {[%mdl 8192] [#]} (34. Rb7 $17 {is a better chance.}) 34... gxh4 $2 (34... Qxf2+ $1 $19 {[%mdl 512] has better winning chances.} 35. Qxf2 Nxf2 36. Kxf2 (36. Bxe6 $2 fxe6 37. Kxf2 Rc2+ 38. Kg1 Rxb2 $19) 36... Rc2+ 37. Kg1 g4) 35. Nxh4 {[#]} Qg5 {Black is more active.} (35... Qxf2+ $1 $17 36. Qxf2 Nxf2 37. Kxf2 (37. Nf5+ Kf6 $17) 37... Rc2+ 38. Kf1 Kf6) 36. Ra1 Bxg3 37. fxg3 {Hoping for Rc1.} Nxe3 {Threatens to win with ...Rc2. Pair of Knights!} 38. Ng2 $2 ({Wrong is} 38. Bxe6 $2 fxe6 39. Ra7+ Kg8 $19) (38. Kh1 $11 Rc2 {[#]} 39. Qxe3 $1 Qxe3 40. Nf5+ Kg6 41. Nxe3 Rxb2 42. Ra6 (42. Nxd5 Nxd4 43. Nf4+ Kf6 $11) 42... Rxb3 43. Nxd5 Rxg3 44. Bxe6 fxe6 45. Rxe6+ Kf7 46. Re7+ (46. Rxe4 b3 $11) 46... Kf8 47. Rc7 (47. Rxe4 b3 $11)) 38... Rc2 {Weighted Error Value: White=0.46/Black=0.34} 0-1

[Event "ESP-ch Teams Primera 2022"]
[Site "Sanxenxo Pontevedra"]
[Date "2022.09.21"]
[Round "5.5"]
[White "Bernabeu Lopez, Carlos Javier"]
[Black "Gonzalez De La Torre, Santiago"]
[Result "1/2-1/2"]
[ECO "B42"]
[WhiteElo "2415"]
[BlackElo "2439"]
[Annotator "TA"]
[PlyCount "36"]
[EventDate "2022.09.17"]
[EventType "team-tourn"]
[EventCountry "ESP"]
[SourceTitle "playchess.com"]
[Source "ChessBase"]
[SourceQuality "1"]
[TimeControl "5400+30"]

1. e4 c5 2. Nf3 e6 3. d4 cxd4 4. Nxd4 a6 5. Bd3 Bc5 6. Nb3 Be7 7. Bf4 {[#] B42: Sicilian: Kan Variation: 5 Bd3.} g6 $146 ({Predecessor:} 7... d6 8. O-O e5 9. Be3 Nf6 10. f3 O-O 11. Nc3 Be6 12. Nd2 d5 13. exd5 Bxd5 14. Qe2 Nbd7 15. Nxd5 Nxd5 {½-½ (25) Popov,M (961)-Kramskoi,V (1049) LSS email 2013}) 8. Qe2 {White is much more active.} d6 9. Nc3 {White is slightly better.} Nd7 10. Bd2 Qc7 11. O-O-O Ne5 12. f4 Nxd3+ 13. Qxd3 Nf6 (13... b5 $1 $11) 14. Rhf1 $16 O-O 15. f5 $36 {[%mdl 2048] White is on the roll.} b5 {...b4 is the strong threat.} 16. Bh6 Re8 17. fxg6 hxg6 {[#]} (17... fxg6 $16 18. Bg5 Rf8) 18. e5 $1 $18 dxe5 {Weighted Error Value: White=0.08 (flawless) /Black=0.32} 1/2-1/2

[Event "ESP-ch Teams Primera 2022"]
[Site "Sanxenxo Pontevedra"]
[Date "2022.09.21"]
[Round "5.6"]
[White "Buiza Prieto, Eihartze"]
[Black "Calzetta Ruiz, Monica"]
[Result "0-1"]
[ECO "C10"]
[WhiteElo "2080"]
[BlackElo "2227"]
[Annotator "TA"]
[PlyCount "162"]
[EventDate "2022.09.17"]
[EventType "team-tourn"]
[EventCountry "ESP"]
[SourceTitle "playchess.com"]
[Source "ChessBase"]
[SourceQuality "1"]
[TimeControl "5400+30"]

1. e4 e6 2. d4 d5 3. Nd2 dxe4 4. Nxe4 Nd7 5. Nf3 Ngf6 6. Bd3 Nxe4 7. Bxe4 Nf6 8. Bd3 c5 9. O-O cxd4 10. Bb5+ Bd7 11. Bxd7+ Qxd7 12. Qxd4 Qxd4 {C07: French Tarrasch: 3...c5, 4 Ngf3 and 4 exd5 Qxd5.} 13. Nxd4 Bc5 14. Nb3 Bb6 {The position is equal.} 15. Bd2 {[#]} Rc8 $146 ({Predecessor:} 15... Ne4 16. Ba5 Bxa5 17. Nxa5 O-O-O 18. Nb3 Nd6 19. Nd2 Rd7 20. Rfe1 Rhd8 21. Kf1 Nf5 22. Nf3 Nd4 23. Nxd4 Rxd4 {½-½ (55) Krivec,J (2309)-Zatonskih,A (2480) Khanty-Mansiysk 2010}) 16. Rac1 O-O 17. c4 Rfd8 18. Bg5 Rd7 19. Bxf6 gxf6 20. Rc2 f5 21. Nd2 Ba5 {Black has more active pieces. The white rooks are badly placed.} 22. Nf3 b5 23. c5 Rd5 24. Rfc1 e5 25. g3 e4 26. Nh4 Bd2 27. Rd1 e3 {White must now prevent ...e2.} 28. Kf1 {Hoping for fxe3.} (28. Nf3 $5 ) 28... Rdxc5 (28... Rcxc5 {is more complex.} 29. Rxc5 Rxc5 30. Ke2 Rc2) 29. Rxc5 Rxc5 30. fxe3 Bxe3 $11 {[%mdl 4096] Endgame KRB-KRN} 31. Re1 (31. b4 $15 {might be stronger.} Re5 32. Ng2) 31... f4 $17 32. Ng2 Bc1 33. Nxf4 Bxf4 34. gxf4 {KR-KR} Rc4 35. f5 Rf4+ (35... Kg7 $17 36. Re2 Rc5) 36. Kg2 $15 Rxf5 37. Re8+ $1 Kg7 38. Ra8 Rc5 39. Rxa7 Rc2+ 40. Kg3 Rxb2 41. Ra6 f6 42. h3 Kg6 43. Ra5 Rb4 44. Kf3 (44. a3 $15 Rb1 45. a4) 44... h5 $17 45. Kg3 h4+ 46. Kf3 f5 47. Ra6+ Kg5 48. Ra8 (48. Ra5 $17) 48... Rf4+ 49. Ke3 {White threatens Rg8+ and mate.} Ra4 50. Rg8+ Kf6 51. Rb8 (51. Rg2 $17) 51... b4 ({Black should try} 51... Rxa2 $19 {And now ...Rb2 would win.} 52. Rxb5 Kg5) 52. Kf3 $2 {[%mdl 8192] Loses the game.} (52. Rf8+ $15 Ke6 53. Re8+ Kd7 54. Rb8) 52... Ke5 $1 $19 {...Ra3+ is the strong threat.} 53. Rb5+ $2 {[#]} (53. Re8+ $19 Kd4 54. Re2) 53... Kd4 $1 54. Rxf5 Rxa2 55. Kg4 b3 56. Kxh4 b2 57. Rb5 {[#]} Kc3 $1 58. Kg5 {[#]} Ra5 $3 59. Rxa5 b1=Q {KQ-KR} 60. Rf5 Qg1+ (60... Qd3 $142 61. Kg4 Kd4 62. Rf4+ Ke5 63. Rf2 Qe3 64. Rf5+ Ke4 65. Rf8 Qg1+ 66. Kh4 Qd4 67. Rf1 Qe3 68. Rf6 Qc1 69. Kg4 Qc8+ 70. Kg5 Qd8 71. Kg6 Qg8+ 72. Kh6 Ke5 73. Rf1 Qc4 74. Rf8 Qb4 75. Kg7 Qe7+ 76. Rf7 Qg5+ 77. Kh7 Ke6 78. Ra7 Qh4+ 79. Kg8 Qg3+ 80. Rg7 Qxh3 81. Rg6+ Kf5 82. Rg7 Qb3+ 83. Kh7 Qd5 84. Ra7 Qd4 85. Rf7+ Kg5 86. Rc7 Qe4+ 87. Kg8 Qe6+ 88. Kh7 Kf6 89. Rg7 Qe8 90. Ra7 Qh5+ 91. Kg8 Qd5+ 92. Kh8 Qh1+ 93. Kg8 Qg1+ 94. Kh7 Qxa7+ 95. Kh6 Qg7+ 96. Kh5 Qg5#) 61. Kh5 Kd4 62. h4 Ke4 63. Rg5 Qf2 64. Rg4+ Kf5 65. Rg5+ Kf6 {( -> ...Qe2+)} 66. Rg6+ Kf7 {Black mates.} 67. Rg5 Qf3+ 68. Kh6 Qf6+ 69. Kh5 Qf4 70. Rg7+ Kf8 71. Rg5 Qe4 72. Rg4 Qe2 73. Kg5 Qe5+ 74. Kh6 Kf7 75. Rg6 Qf4+ 76. Kh5 Qf3+ 77. Kh6 Qe3+ 78. Kh5 Qe2+ 79. Kh6 Qd2+ 80. Kh5 Qd4 81. Rg7+ Kxg7 {Weighted Error Value: White=0.63/Black=0.33} 0-1